 Dungeon Sprint DCSS version 0.20-a0-1006-ge6c5631 (webtiles) character file.

8350 lordofpotatos the Acrobat (level 11, -4/59 HPs)
             Began as a Felid Monk on Apr 13, 2017.
             Was the Champion of Wu Jian.
             Slain by a vampire knight
             ... wielding a +0 great mace
              (23 damage)
             ... while paralysed by a vampire knight
             ... in the Dungeon (Sprint V: "Ziggurat Sprint").
             The game lasted 00:19:22 (1508 turns).

lordofpotatos the Acrobat (Felid Monk)              Turns: 1508, Time: 00:19:23

Health: -4/59      AC:  2    Str: 12    XL:     11   Next: 8%
Magic:  12/12      EV:  4    Int: 12    God:    Wu Jian [******]
Gold:   0          SH:  0    Dex: 33    Spells: 3/10 levels left
                                        Lives:  0   Deaths: 2

rFire    . . .     SeeInvis +     - Unarmed
rCold    . . .     Gourm    .   (shield unavailable)
rNeg     . . .     Faith    .   (armour unavailable)
rPois    +         Spirit   .   (helmet unavailable)
rElec    .         Reflect  .   (cloak unavailable)
rCorr    .         Harm     .   (gloves unavailable)
MR       +....     NoTele   +   (boots unavailable)
Stlth    ++++......             (no amulet)
Regen    0.2/turn               h - +6 ring of dexterity
MPRegen  0.2/turn               p - ring "Yzel" {+Inv +Fly rPois Slay+5}

@: paralysed, mighty, agile, exhausted, hasted, glowing, heavenly storm, quick
A: no armour, no weapons or thrown items, stealth, claws 1, fangs 3, see
invisible, carnivore 3, speed 1, shaggy fur 2, slow metabolism 1, sharp paws
a: Serpent's Lash, Heavenly Storm, Renounce Religion, Evoke Invisibility, Evoke
Flight


You were in the Dungeon.
You worshipped Wu Jian.
Wu Jian was exalted by your worship.
You were not hungry.

You visited 1 branch

Inventory:

Jewellery
 h - a +6 ring of dexterity (left paw)
 p - the ring "Yzel" (right paw) {+Inv +Fly rPois Slay+5}
   (You found it in the Dungeon)

   [ring of flight]

   It affects your accuracy and damage with ranged weapons and melee attacks
   (+5).
   It protects you from poison.
   It lets you turn invisible.
   It lets you fly.
Scrolls
 g - a scroll of blinking
Potions
 b - 9 potions of curing
 d - 12 potions of haste
 e - 7 potions of magic
 f - 2 potions of berserk rage
 j - 2 potions of brilliance
 l - 4 potions of resistance
 n - 2 potions of agility
 o - 3 potions of might
Books
 k - a book of the Dragon

   Spells                             Type                      Level
   a - Flame Tongue                   Conjuration/Fire             1
   b - Cause Fear                     Hexes                        4
   c - Bolt of Fire                   Conjuration/Fire             6
   d - Dragon Form                    Transmutation                7
   e - Dragon's Call                  Summoning                    9
Comestibles
 a - 5 meat rations


   Skills:
 - Level 13.8 Fighting
 + Level 22.6 Dodging
 - Level 18.4 Stealth
 + Level 18.0 Unarmed Combat


You had 3 spell levels left.
You knew the following spells:

 Your Spells              Type           Power        Failure   Level  Hunger
a - Dragon Form           Tmut           #.........   100%        7    #######


Dungeon Overview and Level Annotations

Branches:
Dungeon (1/1)

Altars:
Ashenzari
Cheibriados
Dithmenos
Elyvilon
Fedhas
Gozag
Hepliaklqana
Kikubaaqudgha
Makhleb
Nemelex Xobeh
Okawaru
Qazlal
Ru
Sif Muna
Trog
Uskayaw
Vehumet
Wu Jian
Xom
Yredelemnul
Zin
The Shining One
Beogh
Jiyva
Lugonu


Innate Abilities, Weirdness & Mutations

You cannot wear armour.
You are incapable of wielding weapons or throwing items.
Your paws allow you to move quietly. (Stealth)
You have sharp claws.
You have razor-sharp teeth.
You have supernaturally acute eyesight. (SInv)
You are carnivorous and can eat meat at any time.
You cover ground quickly.
You are covered in thick fur. (AC +2)
You have a slow metabolism.
Your sharp claws are effective at attacking unaware monsters.


Message History

Your bite misses the vampire knight.
The vampire knight is heavily damaged.
You see here a ghoul corpse.
You spin and attack the shadow.
You claw the shadow!
The shadow is moderately damaged.
You spin and attack the vampire knight repeatedly.
You barely miss the vampire knight.
The vampire knight is heavily damaged.
You mangle the vampire knight!!
The vampire knight is almost destroyed.
The vampire knight hits you with a great mace!!
The vampire knight completely misses you.
The shadow completely misses you.
Okay, then.
The air is filled with shimmering golden clouds!
Sifu Jiang Wei says: The storm will not cease as long as you keep fighting, disciple!
The vampire knight points at you and mumbles some strange words.
You suddenly lose the ability to move!
The vampire knight hits you with a great mace!!
You die...

▓...p}:)}...▓........▓
▓...........▓▓▓▓▓▓▓▓▓▓
▓...........▓...8©8...
▓...........▓..|)")...
▓...........▓...::|...
▓..▓...n.▓..▓..)......
▓.▓§▓§§§▓.▓ ▓.........
▓.)▓VW§§.▓..▓.........
▓.)§§@§§....▓.........
▓▓▓▓▓▓▓▓▓▓▓▓▓.........
▓....8©8....▓.........
▓..)=.|:|"..▓▓▓▓▓▓▓▓▓▓
▓...|:|))...▓...8©8...
▓...........▓..[[}|=..
▓.....))))((▓...:)....
▓....).)))..▓.........
▓......(.(..▓..))[|...


You could see a vampire knight (invisible) and a shadow (invisible).

Vanquished Creatures
  A deep elf master archer (D)
  3 deep elf sorcerers (D)
  A ghoul (D)
  A vampire knight (D)
  A deep elf annihilator (D)
  A vampire mage (D)
  A dancing weapon (D)
  5 deep elf knights (D)
  2 soul eaters (D)
  A shadow wraith (D)
  A spriggan druid (D)
  A deep elf archer (D)
  4 deep elf magi (D)
  3 merfolk (D)
  A hornet (D)
  A hippogriff (D)
  3 spriggans (D)
  2 air elementals (D)
  A water elemental (D)
  A fire elemental (D)
  A golden eye (D)
  2 porcupines (D)
  3 black bears (D)
  2 large abominations (D)
  2 necrophages (D)
  3 wolves (D)
  2 phantoms (D)
  2 centaurs (D)
  2 small abominations (D)
  2 wights (D)
  A quasit (D)
  4 orc priests (D)
  4 orc wizards (D)
  3 iron imps (D)
  A river rat (D)
  2 shadow imps (D)
  2 white imps (D)
  2 ufetubi (D)
  4 adder skeletons (D)
  2 adder zombies (D)
  4 bat zombies (D)
  A jackal (D)
  A giant cockroach zombie (D)
  2 leopard gecko skeletons (D)
  2 leopard gecko zombies (D)
  A quokka skeleton (D)
92 creatures vanquished.

Vanquished Creatures (others)
  A spatial maelstrom (D)
  An ufetubus (D)
2 creatures vanquished.

Grand Total: 94 creatures vanquished

Notes
Turn   | Place    | Note
-------+----------+-------------------------------------------
     0 | D        | lordofpotatos the Felid Monk began the quest for the Orb.
     0 | D        | Reached XP level 1. HP: 11/11 MP: 2/2
     0 | D        | Found a deep blue altar of Sif Muna.
     0 | D        | Found a bloodstained altar of Trog.
     0 | D        | Found a sacrificial altar of Ru.
     0 | D        | Found a stormy altar of Qazlal.
     0 | D        | Found an iron altar of Okawaru.
     5 | D        | Became a worshipper of the Wu Jian Council
     5 | D        | Reached * piety under Wu Jian
     5 | D        | Reached ** piety under Wu Jian
     8 | D        | Banished a spatial maelstrom
     9 | D        | Found a sparkling altar of Nemelex Xobeh.
    10 | D        | Found an ancient bone altar of Kikubaaqudgha.
    10 | D        | Found a corrupted altar of Lugonu.
    10 | D        | Found a burning altar of Makhleb.
    10 | D        | Found a viscous altar of Jiyva.
    10 | D        | Found a hazy altar of Hepliaklqana.
    21 | D        | Found an opulent altar of Gozag.
    24 | D        | Found a blossoming altar of Fedhas.
    39 | D        | Reached skill level 5 in Fighting
    39 | D        | Reached skill level 7 in Dodging
    39 | D        | Reached XP level 2. HP: 16/16 MP: 3/3
    45 | D        | Entered arena 1.
    57 | D        | Entered arena 2.
    57 | D        | Noticed a necrophage
    57 | D        | Noticed a phantom
    72 | D        | Killed a necrophage
    72 | D        | Reached skill level 8 in Dodging
    72 | D        | Reached XP level 3. HP: 10/21 MP: 4/4
    72 | D        | Reached XP level 4. HP: 12/24 MP: 5/5
    91 | D        | Reached *** piety under Wu Jian
   119 | D        | Killed a phantom
   119 | D        | Reached skill level 9 in Dodging
   119 | D        | Reached skill level 5 in Unarmed Combat
   119 | D        | Reached XP level 5. HP: 14/28 MP: 6/6
   130 | D        | Entered arena 3.
   130 | D        | Noticed a deep elf knight
   130 | D        | Noticed a deep elf mage
   130 | D        | Noticed a deep elf mage
   130 | D        | Noticed a fire elemental
   136 | D        | Killed a fire elemental
   136 | D        | Reached skill level 10 in Dodging
   136 | D        | Gained mutation: You are covered in thick fur. (AC +2) [Felid growth]
   136 | D        | Reached XP level 6. HP: 33/33 MP: 7/7
   139 | D        | Killed a deep elf mage
   139 | D        | Reached skill level 11 in Dodging
   139 | D        | Reached XP level 7. HP: 38/38 MP: 8/8
   141 | D        | Killed a deep elf mage
   141 | D        | Reached **** piety under Wu Jian
   141 | D        | Reached skill level 10 in Fighting
   141 | D        | Reached skill level 12 in Dodging
   141 | D        | Reached XP level 8. HP: 43/43 MP: 9/9
   143 | D        | Killed a deep elf knight
   143 | D        | Reached skill level 13 in Dodging
   172 | D        | Entered arena 4.
   172 | D        | Noticed a deep elf knight
   172 | D        | Noticed a deep elf knight
   172 | D        | Noticed an air elemental
   172 | D        | Noticed a deep elf knight
   175 | D        | Killed a deep elf knight
   175 | D        | Reached skill level 14 in Dodging
   175 | D        | Reached skill level 10 in Unarmed Combat
   175 | D        | Reached XP level 9. HP: 48/48 MP: 10/10
   176 | D        | Killed a deep elf knight
   176 | D        | Reached skill level 15 in Stealth
   178 | D        | Killed a deep elf knight
   178 | D        | Reached skill level 15 in Dodging
   180 | D        | Reached ***** piety under Wu Jian
   225 | D        | Entered arena 5.
   338 | D        | Entered arena 6.
   351 | D        | Reached XP level 10. HP: 44/53 MP: 11/11
   357 | D        | Reached ****** piety under Wu Jian
   407 | D        | Entered arena 7.
   464 | D        | Entered arena 8.
   471 | D        | Reached skill level 16 in Dodging
   489 | D        | Got the amulet "Nopo" {Inacc rElec MR+ MP-9 Int+6}
   501 | D        | Entered arena 9.
   542 | D        | Learned a level 7 spell: Dragon Form
   682 | D        | Entered arena 10.
   682 | D        | Noticed a spriggan druid
   682 | D        | Noticed a spriggan rider
   698 | D        | Killed a spriggan druid
   779 | D        | Entered arena 11.
   779 | D        | Noticed a soul eater
   779 | D        | Noticed a soul eater
   802 | D        | Killed a soul eater
   802 | D        | Reached skill level 17 in Dodging
   804 | D        | Killed a soul eater
   804 | D        | Reached XP level 11. HP: 32/59 MP: 12/12
   941 | D        | Entered arena 12.
   941 | D        | Noticed a shadow wraith
   969 | D        | Killed a shadow wraith
  1002 | D        | Got the ring "Yzel" {+Inv +Fly rPois Slay+5}
  1210 | D        | Entered arena 13.
  1212 | D        | Noticed a deep elf knight
  1212 | D        | Noticed a deep elf sorcerer
  1212 | D        | Noticed a deep elf sorcerer
  1212 | D        | Noticed a deep elf mage
  1212 | D        | Noticed a deep elf sorcerer
  1213 | D        | Noticed a deep elf master archer
  1213 | D        | Noticed a halberd of venom
  1213 | D        | Noticed a deep elf annihilator
  1213 | D        | Noticed a deep elf mage
  1213 | D        | Noticed a deep elf archer
  1219 | D        | Killed a deep elf sorcerer
  1219 | D        | Reached skill level 18 in Dodging
  1221 | D        | Killed a deep elf sorcerer
  1221 | D        | Reached skill level 19 in Dodging
  1221 | D        | Reached skill level 15 in Unarmed Combat
  1224 | D        | Killed a deep elf knight
  1228 | D        | Killed a deep elf annihilator
  1228 | D        | Reached skill level 20 in Dodging
  1232 | D        | Killed a deep elf archer
  1234 | D        | Shot with an arrow by a deep elf master archer
  1235 | D        | Reached XP level 10. HP: -11/55 MP: 11/11
  1237 | D        | Killed a deep elf sorcerer
  1237 | D        | Reached XP level 11. HP: 59/59 MP: 12/12
  1238 | D        | Killed a deep elf mage
  1239 | D        | Killed a halberd of venom
  1239 | D        | Reached skill level 21 in Dodging
  1243 | D        | Killed a deep elf mage
  1247 | D        | Killed a deep elf master archer
  1464 | D        | Entered arena 14.
  1464 | D        | Noticed a vampire mage
  1464 | D        | Noticed a vampire knight
  1465 | D        | Noticed a ghoul
  1465 | D        | Noticed a ghoul
  1465 | D        | Noticed a necromancer
  1470 | D        | Mangled by a vampire knight
  1471 | D        | Reached XP level 10. HP: -9/55 MP: 11/11
  1485 | D        | Entered arena 14.
  1485 | D        | Noticed a vampire knight
  1492 | D        | Killed a vampire mage
  1492 | D        | Reached skill level 22 in Dodging
  1501 | D        | Killed a vampire knight
  1504 | D        | Killed a ghoul
  1504 | D        | Reached XP level 11. HP: 44/59 MP: 12/12
  1507 | D        | Paralysed by a vampire knight for 3 turns
  1508 | D        | Slain by a vampire knight

Vault maps used:
D:        sprint_v

Skill      XL: |  1  2  3  4  5  6  7  8  9 10 11 |
---------------+----------------------------------+-----
Fighting       | 5 6 7 8 9 10 11 12 13 | 13.8
Dodging        | 7 8 9 10 11 12 14 15 22 21 | 22.6
Stealth        | 7 8 9 11 12 13 14 16 18 | 18.4
Unarmed Combat | 3 4 5 6 8 9 10 11 18 17 | 18.0

Action                   |  1- 3 |  4- 6 |  7- 9 | 10-12 || total
-------------------------+-------+-------+-------+-------++-------
Melee: Unarmed           |    11 |    17 |    34 |   223 ||   285
       Bite              |     2 |     1 |     3 |    34 ||    40
       Punch             |       |       |     2 |    25 ||    27
Invok: Serpent's Lash    |       |       |       |     3 ||     3
       Heavenly Storm    |       |       |       |     3 ||     3
 Abil: Evoke Invisibilit |       |       |       |     1 ||     1
       Evoke Flight      |       |       |       |     1 ||     1
  Use: Potion            |     2 |     5 |     1 |    15 ||    23
 Stab: Sleeping          |     2 |     2 |     6 |     8 ||    18
       Distracted        |       |       |       |     1 ||     1
       Invisible         |       |       |       |     1 ||     1
  Eat: Chunk             |       |       |     3 |     3 ||     6
Armor: Skin              |       |     1 |       |     2 ||     3
Dodge: Dodged            |     5 |    14 |    37 |   259 ||   315
